AoeStats
← bullseyes

Black Forest

506183523Analyzed
4v4 RM · 20d ago on Sep 12, 2026· 51m 13s· 8 players
Game mode
Random Map
Map size
Large (8 player)
Population
200
Speed
Normal
Resources
Standard
Victory
Conquest
Starting age
Dark Age
Ending age
Imperial Age
RankedLock teamsTeams togetherTeam positionsShared explorationLock speedFull tech treeHidden civsTurbo modeCheats
Victory
Defeat
🇧🇪 Mongols · Belgium
1601
+14
🇩🇪 Georgians · Germany
1596
+15
🇩🇪 Italians · Germany
1590
+15
🇩🇪 Japanese · Germany
1526
+17
🇹🇷 Lithuanians · Türkiye
1698
-20
🇹🇷 Bohemians · Türkiye
1604
-16
🇹🇷 Wu · Türkiye
1598
-17
🇹🇷 Khmer · Türkiye
1355
-8
Thanatos
9:29 Feudal Age
11:11 Loom
11:22 Horse Collar
11:28 Double-Bit Axe
15:10 Scale Barding Armor
15:16 Forging
18:36 Wheelbarrow
21:49 Castle Age
22:52 Heavy Plow
24:36 Hand Cart
26:53 Bow Saw
29:14 Stone Mining
29:20 Gold Mining
30:37 Stone Shaft Mining
30:30 Light Cavalry
31:21 Bloodlines
31:11 Husbandry
31:18 Fletching
31:28 Town Watch
34:26 Imperial Age
32:57 Bodkin Arrow
33:24 Ballistics
33:14 Masonry
32:55 Guard Tower
32:46 Treadmill Crane
33:32 Ballistics
33:08 Murder Holes
33:23 Masonry
35:43 Crop Rotation
35:56 Keep
35:10 Arrowslits
35:37 Masonry
36:05 Bracer
36:38 Svan Towers
36:54 Conscription
37:48 Chemistry
38:44 Squires
38:29 Arson
38:05 Pikeman
38:48 Scale Mail Armor
39:23 Iron Casting
39:20 Caravan
40:25 Architecture
40:06 Fortified Wall
39:50 Halberdier
41:31 Chain Mail Armor
42:17 Blast Furnace
43:33 Plate Mail Armor
43:52 Siege Engineers
44:34 Gambesons
46:25 Guilds
50:13 Spies/Treason
Nemo
0:37 Loom
11:35 Feudal Age
12:18 Double-Bit Axe
24:00 Castle Age
24:36 Fletching
25:10 Horse Collar
27:06 Town Watch
30:04 Bodkin Arrow
30:37 Masonry
33:01 Fortified Wall
39:36 Wheelbarrow
40:21 Bow Saw
40:05 Gold Mining
45:13 Imperial Age
43:55 Hand Cart
44:11 Padded Archer Armor
45:03 Ballistics
46:57 Chemistry
45:37 Elite Genoese Crossbowman
46:59 Bracer
48:19 Architecture
49:52 Leather Archer Armor
49:59 Conscription
49:22 Treadmill Crane
50:41 Hoardings
50:12 Stone Mining
51:03 Spies/Treason
DaKrankVieh
0:51 Loom
10:22 Feudal Age
10:25 Man-at-Arms
11:14 Arson
11:50 Double-Bit Axe
13:32 Fletching
16:00 Padded Archer Armor
24:33 Castle Age
24:49 Crossbowman
24:49 Elite Skirmisher
25:28 Bodkin Arrow
28:25 Horse Collar
28:58 Bow Saw
37:20 Imperial Age
35:12 Pikeman
36:13 Gold Mining
36:58 Stone Mining
37:40 Squires
38:25 Scale Mail Armor
38:39 Forging
38:57 Halberdier
38:58 Long Swordsman
39:23 Gambesons
39:57 Chain Mail Armor
40:42 Wheelbarrow
40:10 Two-Handed Swordsman
41:23 Plate Mail Armor
42:24 Iron Casting
45:23 Two-Man Saw
45:48 Blast Furnace
46:15 Heavy Plow
46:51 Kataparuto
48:19 Chemistry
48:03 Conscription
47:58 Siege Engineers
51:26 Ballistics
50:47 Treadmill Crane
52:08 Chemistry
51:04 Murder Holes
51:28 Hand Cart
bullseyes
10:02 Feudal Age
14:06 Castle Age
12:54 Loom
12:56 Double-Bit Axe
12:53 Horse Collar
15:07 Bow Saw
14:58 Heavy Plow
24:27 Wheelbarrow
25:46 Hand Cart
25:37 Gold Mining
25:41 Stone Mining
30:27 Imperial Age
29:30 Stone Shaft Mining
29:31 Gold Shaft Mining
28:50 Light Cavalry
30:08 Masonry
30:05 Scale Barding Armor
30:10 Forging
30:24 Fletching
30:57 Ballistics
31:03 Bodkin Arrow
31:26 Siege Engineers
32:23 Chemistry
30:52 Capped Ram
31:11 Onager
32:08 Bracer
32:09 Padded Archer Armor
33:47 Conscription
33:29 Elite Mangudai
34:43 Bloodlines
34:34 Husbandry
35:13 Leather Archer Armor
35:08 Thumb Ring
35:53 Drill
37:14 Parthian Tactics
36:33 Siege Onager
42:03 Capped Ram
43:39 Siege Ram
45:41 Caravan
47:45 Spies/Treason
Theos
11:15 Feudal Age
9:45 Loom
15:02 Castle Age
12:53 Double-Bit Axe
16:29 Bow Saw
16:41 Horse Collar
20:33 Wheelbarrow
21:49 Heavy Plow
24:16 Hand Cart
23:47 Loom
23:48 Town Watch
27:54 Imperial Age
26:31 Scale Barding Armor
26:37 Forging
26:39 Stone Mining
26:42 Gold Mining
27:52 Bloodlines
27:46 Husbandry
29:21 Chain Barding Armor
29:09 Elite Leitis
30:36 Conscription
31:06 Plate Barding Armor
34:13 Iron Casting
34:00 Fletching
35:23 Chemistry
35:14 Ballistics
36:37 Two-Man Saw
37:44 Bodkin Arrow
37:31 Treadmill Crane
38:14 Masonry
38:32 Bracer
40:05 Coinage
40:55 Hoardings
44:15 Architecture
Kuş Bilge
2:41 Loom
11:20 Feudal Age
15:12 Castle Age
15:09 Double-Bit Axe
27:10 Bow Saw
29:13 Wheelbarrow
33:31 Redemption
36:19 Imperial Age
35:18 Chemistry
36:01 Pikeman
36:41 Squires
36:26 Arson
36:42 Scale Mail Armor
36:53 Forging
37:03 Halberdier
37:59 Chain Mail Armor
37:34 Elite Skirmisher
38:09 Fletching
38:39 Padded Archer Armor
39:41 Chemistry
39:48 Ballistics
39:42 Bodkin Arrow
40:39 Leather Archer Armor
41:24 Plate Mail Armor
40:56 Bracer
42:19 Block Printing
44:40 Conscription
46:40 Ring Archer Armor
45:34 Crossbowman
45:53 Crossbowman
ZeUs
1:11 Loom
14:28 Feudal Age
47:05 Double-Bit Axe
USTA
0:42 Loom
12:43 Feudal Age
21:00 Castle Age
Connection lost

Rejoining the realm…

Still unreachable

The connection could not be restored.

Session expired

The server has moved on; the page needs a fresh start.